 Dungeon Crawl Stone Soup version 0.31-a0-236-g9a0961fb85 (webtiles) character file.

Game seed: 11207749177396665850

488 garrulousMonolith the Firebug (level 7, 0/51 HPs)
             Began as a Gnoll Fire Elementalist on July 11, 2023.
             Slain by an orc priest
             ... wielding a +0 short sword
              (6 damage)
             ... on level 4 of the Dungeon.
             The game lasted 00:05:01 (3368 turns).

garrulousMonolith the Firebug (GnFE)                Turns: 3368, Time: 00:05:02

Health: 0/51       AC:  4    Str:  7    XL:     7   Next: 13%
Magic:  13/15      EV: 13    Int: 17    God:
Gold:   29         SH:  0    Dex: 12    Spells: 7/17 levels left

rFire   . . .        i - +3 short sword
rCold   . . .        (no shield)
rNeg    . . .        e - +0 troll leather armour {Pargi}
rPois   .            (no helmet)
rElec   .            (no cloak)
rCorr   .            (no gloves)
SInv    .            (no boots)
Will    .....        (no amulet)
Stlth   ++           (no ring)
HPRegen 1.08/turn    (no ring)
MPRegen 0.14/turn

%: no passive effects
@: about to teleport
A: fangs 1, strong nose, distributed training
a: no special abilities


You were on level 4 of the Dungeon.
You visited 1 branch of the dungeon, and saw 4 of its levels.
You also visited: Sewer.

You collected 89 gold pieces.
You spent 60 gold pieces at shops.

Inventory:

Hand Weapons
 i - a +3 short sword (weapon)
Armour
 a - a +0 robe
 d - a +0 leather armour
 e - a +0 troll leather armour (worn) {Pargi}
Jewellery
 h - an amulet of regeneration
 n - an amulet of reflection
Wands
 m - a wand of flame (22)
 u - a wand of polymorph (1)
Scrolls
 b - a scroll of blinking {unknown}
 c - a scroll of poison {unknown}
 g - a scroll of amnesia {unknown}
 j - a scroll of summoning {unknown}
 k - 2 scrolls of brand weapon {unknown}
 s - 2 scrolls of teleportation
 t - a scroll of fear {unknown}
Potions
 f - a potion of berserk rage {unknown}
 o - a potion of enlightenment {unknown}
 p - 2 potions of might {unknown}
 q - 2 potions of haste {unknown}
 r - 2 potions of mutation {unknown}


   Skills:
 + Level 2.3 Fighting
 + Level 2.3 Short Blades
 + Level 2.3 Long Blades
 + Level 2.3 Axes
 + Level 2.3 Maces & Flails
 + Level 2.3 Polearms
 + Level 2.3 Staves
 + Level 2.3 Ranged Weapons
 + Level 2.3 Throwing
 + Level 2.3 Armour
 + Level 5.2 Dodging
 + Level 4.8 Stealth
 + Level 2.3 Shields
 + Level 2.3 Unarmed Combat
 + Level 5.5 Spellcasting
 + Level 2.9 Conjurations
 + Level 1.9 Hexes
 + Level 1.9 Summonings
 + Level 1.9 Necromancy
 + Level 1.9 Translocations
 + Level 1.9 Transmutations
 + Level 5.8 Fire Magic
 + Level 1.9 Ice Magic
 + Level 1.9 Air Magic
 + Level 1.9 Earth Magic
 + Level 1.9 Poison Magic
 + Level 2.6 Invocations
 + Level 2.3 Evocations


You had 7 spell levels left.
You knew the following spells:

 Your Spells              Type           Power      Damage    Failure   Level
a - Foxfire               Conj/Fire      76%        2x1d7     3%          1
b - Scorch                Fire           48%        2d7       2%          2
c - Apportation           Tloc           22%        N/A       9%          1
d - Volatile Blastmotes   Fire/Tloc      36%        2d13      12%         3
e - Stone Arrow           Conj/Erth      26%        3d8       22%         3

Your spell library contained the following spells:

 Spells                   Type           Power      Damage    Failure   Level
 Necrotise                Necr           44%        1d6       9%          1
 Summon Small Mammal      Summ           44%        N/A       9%          1
 Inner Flame              Hex/Fire       18%        N/A       12%         3
 Cigotuvi's Dreadful Rot  Necr/Pois/Air  22%        N/A       13%         2
 Ignite Poison            Fire/Tmut/Pois 15%        N/A       16%         3
 Flame Wave               Conj/Fire      19%        2d7       32%         4
 Animate Armour           Summ/Erth      22%        N/A       65%         4
 Freezing Cloud           Conj/Ice/Air   6%         6-21      91%         5
 Lehudib's Crystal Spear  Conj/Erth      6%         10d3      100%        8


Dungeon Overview and Level Annotations

Branches:
Dungeon (4/15)              Sewer (visited)
 Temple: D:4-7

Altars:
Elyvilon
Gozag

Shops:
D:3 !

Annotations:
D:4 Sigmund


Innate Abilities, Weirdness & Mutations

You have very sharp teeth.
Your uncanny sense of smell can sniff out nearby items.
Your experience applies equally to all skills.


Message History

Casting: Foxfire (safe; 3% risk of failure)
Confirm with . or Enter, or press ? or * to list all spells.
Flames lash Menkaure.
Menkaure is burned terribly!
You destroy Menkaure!
You hear a shout!
You have reached level 7!
You are confused.
You feel better.
An orc wizard comes into view. It is wielding a +0 dagger.
A magic dart appears from out of thin air!
The magic dart hits you.
You start resting.
HP restored.
You are confused.
You're too confused to cast spells.
Okay, then.
You hear some strange, mumbled words.
A puff of flame appears from out of thin air!
The puff of flame hits you!
The orc priest hits you with a +0 short sword.
Something hits you!
The orc priest attacks as you move away!
The orc priest barely misses you.
You bump into the rock wall.
Something hits you!
The orc priest hits you with a +0 short sword.
You barely miss the orc wizard.
The orc wizard attacks as you move away!
The orc wizard misses you.
You feel less confused.
An orc wizard comes into view. It is wielding a +0 dagger.
The orc priest invokes the aid of Beogh against you.
Pain shoots through your body!
* * * LOW HITPOINT WARNING * * *
As you read the scroll labelled WUNEDO BONESCH, it crumbles to dust.
You feel strangely unstable.
It was a scroll of teleportation.
Something hits you!
* * * LOW HITPOINT WARNING * * *
The orc wizard casts a spell.
The orc wizard flickers and vanishes!
The orc priest hits you with a +0 short sword.
You die...

. #.....##.#
##.......# .##
#..#.#..# .....
#..#....#####.....
#.###....#........
#o..............##
#....{#..........#
##...o{#..........#
#....@.##.........#
#..................#
......#..............
..#.#.................
. #.........##.......#
#...##....#..†......
..... ###†))<........
.... #....#........
........###......


You could see an orc priest and an orc wizard (wandering).

Vanquished Creatures
  Menkaure (D:4)
  Pargi (Sewer)
  An ogre (D:4)
  A hound (D:4)
  An orc priest (D:3)
  4 adders
  A dart slug (D:2)
  7 orcs (D:3)
  8 ball pythons
  7 bats
  8 endoplasms
  2 giant cockroaches
  7 goblins
  8 hobgoblins
  4 quokkas
  8 frilled lizards
  10 kobolds
  4 rats
83 creatures vanquished.

Vanquished Creatures (others)
  288 foxfires
288 creatures vanquished.

Grand Total: 371 creatures vanquished

Notes
Turn   | Place    | Note
-------+----------+-------------------------------------------
     0 | D:1      | garrulousMonolith the Gnoll Fire Elementalist began the
                  | quest for the Orb.
     0 | D:1      | Reached XP level 1. HP: 13/13 MP: 6/6
     7 | D:1      | Noticed a barachi
    12 | D:1      | Noticed a vine stalker
    16 | D:1      | Noticed a vampire
    18 | D:1      | Noticed a formicid
    18 | D:1      | Noticed a troll
    20 | D:1      | Noticed a demonspawn
    20 | D:1      | Noticed a naga
    99 | D:1      | Reached XP level 2. HP: 19/19 MP: 4/7
   141 | D:1      | Learned a level 2 spell: Scorch
   143 | D:1      | Learned a level 1 spell: Apportation
   742 | D:1      | Reached skill level 5 in Spellcasting
   742 | D:1      | Reached XP level 3. HP: 25/25 MP: 3/9
  1028 | D:2      | Reached skill level 1 in Invocations
  1220 | D:2      | Reached skill level 1 in Fighting
  1220 | D:2      | Reached skill level 1 in Short Blades
  1220 | D:2      | Reached skill level 1 in Long Blades
  1220 | D:2      | Reached skill level 1 in Axes
  1220 | D:2      | Reached skill level 1 in Maces & Flails
  1220 | D:2      | Reached skill level 1 in Polearms
  1220 | D:2      | Reached skill level 1 in Staves
  1220 | D:2      | Reached skill level 1 in Ranged Weapons
  1220 | D:2      | Reached skill level 1 in Throwing
  1220 | D:2      | Reached skill level 1 in Armour
  1220 | D:2      | Reached skill level 1 in Shields
  1220 | D:2      | Reached skill level 1 in Unarmed Combat
  1220 | D:2      | Reached skill level 1 in Evocations
  1813 | D:3      | Found a glowing drain.
  1822 | D:3      | Reached XP level 4. HP: 9/32 MP: 7/11
  1890 | Sewer    | Entered a sewer
  2019 | Sewer    | Noticed Pargi
  2026 | Sewer    | Killed Pargi
  2027 | Sewer    | Reached skill level 1 in Hexes
  2027 | Sewer    | Reached skill level 1 in Summonings
  2027 | Sewer    | Reached skill level 1 in Necromancy
  2027 | Sewer    | Reached skill level 1 in Translocations
  2027 | Sewer    | Reached skill level 1 in Transmutations
  2027 | Sewer    | Reached skill level 1 in Ice Magic
  2027 | Sewer    | Reached skill level 1 in Air Magic
  2027 | Sewer    | Reached skill level 1 in Earth Magic
  2027 | Sewer    | Reached skill level 1 in Poison Magic
  2027 | Sewer    | Reached XP level 5. HP: 22/37 MP: 8/12
  2568 | D:3      | Found Gasisilies's Distillery.
  2665 | D:3      | Bought 2 potions of curing for 60 gold pieces
  2729 | D:3      | Found an opulent altar of Gozag.
  2779 | D:3      | Found a white marble altar of Elyvilon.
  2872 | D:3      | Reached XP level 6. HP: 6/44 MP: 1/13
  3139 | D:3      | Learned a level 3 spell: Volatile Blastmotes
  3143 | D:3      | Learned a level 3 spell: Stone Arrow
  3158 | D:4      | Reached skill level 5 in Dodging
  3339 | D:4      | Noticed Menkaure
  3340 | D:4      | Noticed Sigmund
  3348 | D:4      | Killed Menkaure
  3349 | D:4      | Reached XP level 7. HP: 38/51 MP: 10/15
  3368 | D:4      | Slain by an orc priest

Illustrated notes

Levels and vault maps discovered:
D:1:      shiori_arrival_whats_in_store_for_you, layout_rooms
D:2:      layout_basic
D:3:      layout_rooms, marbit_many_paths, elyvilon_altar_3, serial_shops, shop,
          portal_sewer_entry_d
D:4:      layout_cave_pools, grunt_temple_overflow_lords_of_destruction,
          mainiacjoe_overflow_catwalk_spiral,
          nicolae_shop_distant_corner_stores, roderic_batcave, uniq_pikel,
          uniq_menkaure, uniq_sigmund

Skill      XL: |  1  2  3  4  5  6 |
---------------+-------------------+-----
Conjurations   | 2 |  2.9
Spellcasting   | 5 |  5.5
Invocations    | 1 2 |  2.6
Fighting       | 1 2 |  2.3
Short Blades   | 1 2 |  2.3
Long Blades    | 1 2 |  2.3
Axes           | 1 2 |  2.3
Maces & Flails | 1 2 |  2.3
Polearms       | 1 2 |  2.3
Staves         | 1 2 |  2.3
Ranged Weapons | 1 2 |  2.3
Throwing       | 1 2 |  2.3
Armour         | 1 2 |  2.3
Shields        | 1 2 |  2.3
Unarmed Combat | 1 2 |  2.3
Evocations     | 1 2 |  2.3
Hexes          | 1 |  1.9
Summonings     | 1 |  1.9
Necromancy     | 1 |  1.9
Translocations | 1 |  1.9
Transmutations | 1 |  1.9
Ice Magic      | 1 |  1.9
Air Magic      | 1 |  1.9
Earth Magic    | 1 |  1.9
Poison Magic   | 1 |  1.9
Dodging        | 5 |  5.2
Stealth        | |  4.8
Fire Magic     | |  5.8

Action                     |  1- 3 |  4- 6 |  7- 9 || total
---------------------------+-------+-------+-------++-------
  Melee: Short sword       |       |       |     1 ||     1
   Cast: Foxfire           |    73 |    91 |       ||   164
         Scorch            |     3 |     8 |       ||    11
  Evoke: Wand              |       |     1 |       ||     1
    Use: Potion            |       |     4 |     1 ||     5
         Scroll            |       |       |     1 ||     1
 Armour: Leather armour    |     3 |     1 |       ||     4
         Troll leather arm |       |     3 |       ||     3
  Dodge: Dodged            |    13 |    20 |     2 ||    35

Table legend: (Time is in decaauts)
 A = Elapsed time spent in this place.
 B = Non-inter-level travel time spent in this place.
 C = Inter-level travel time spent in this place.
 D = Time resting spent in this place.
 E = Time spent auto-exploring this place.
 F = Levels seen in this place.
 G = Mean time per level.
                   A        B        C        D        E       F      G
               +--------+--------+--------+--------+--------+-----+--------+
         Total |   3404 |   3355 |     49 |    315 |   2397 |   5 |  680.8 |
       Dungeon |   2977 |   2928 |     49 |    185 |   2183 |   4 |  744.2 |
         Sewer |    426 |    426 |      0 |    130 |    214 |   1 |  426.0 |
               +--------+--------+--------+--------+--------+-----+--------+

Top non-repeatable levels by time:
     D:3: 965 daAuts
     D:2: 903 daAuts
     D:1: 889 daAuts
   Sewer: 426 daAuts
     D:4: 218 daAuts
